 Dungeon Crawl Stone Soup version 0.27-a0-1196-g3e9cee4cb2 (webtiles) character file.

Game seed: 13372304097036308517

9811 siradein the Thrower (level 11, 0/64 (72) HPs)
             Began as a Demonspawn Hunter on May 28, 2021.
             Was a High Priest of Okawaru.
             Hit by a javelin thrown by Urug (3 damage)
             ... on level 10 of the Dungeon.
             The game lasted 00:53:55 (17860 turns).

siradein the Thrower (Demonspawn Hunter)           Turns: 17860, Time: 00:53:55

HP:   0/64 (72)     AC: 16    Str: 15    XL:     11   Next: 27%
MP:   11/11         EV: 10    Int: 14    God:    Okawaru [*****.]
Gold: 504           SH: 12    Dex: 13    Spells: 10/10 levels left

rFire    + . .     SeeInvis .   K - +2 short sword (vamp)
rCold    + . .     Faith    .   m - +0 buckler
rNeg     . . .     Spirit   .   G - +6 ring mail "Fohiha" {+Blink}
rPois    .         Reflect  +   (no helmet)
rElec    .         Harm     .   t - scarf {rC+ rF+}
rCorr    .         Rampage  .   i - +0 pair of gloves
Will     .....                  q - +0 pair of boots
Stlth    +.........             g - amulet of reflection
HPRegen  0.20/turn              u - ring of flight
MPRegen  0.12/turn              (no ring)

@: flying, heavily drained
A: claws 2, icy blue scales 2, powered by pain 2, condensation shield
a: Renounce Religion, Evoke Blink, Heroism, Finesse


You were on level 10 of the Dungeon.
You worshipped Okawaru.
Okawaru was extremely pleased with you.
You visited 2 branches of the dungeon, and saw 11 of its levels.

You collected 504 gold pieces.

Inventory:

Hand Weapons
 h - a +0 fustibalus
 n - a +2 dagger of venom
 K - a +2 vampiric short sword (weapon)
Missiles
 c - 12 javelins
 d - 6 throwing nets
 l - 141 stones
 p - 45 sling bullets
 y - 4 boomerangs of dispersal
 A - 14 poisoned darts
 J - a curare-tipped dart
 M - 3 atropa-tipped darts
 P - 3 boomerangs (quivered)
Armour
 i - a +0 pair of gloves (worn)
 m - a +0 buckler (worn)
 q - a +0 pair of boots (worn)
 t - a scarf of resistance (worn)
 G - the +6 ring mail "Fohiha" (worn) {+Blink}
   (You found it on level 6 of the Dungeon)

   It lets you blink.
Jewellery
 g - an amulet of reflection (around neck)
 u - a ring of flight (left hand)
 O - a +4 ring of protection
 S - a +6 ring of intelligence
Wands
 o - a wand of iceblast (7)
 F - a wand of flame (2)
Scrolls
 a - a scroll of amnesia {unknown}
 f - 5 scrolls of immolation {unknown}
 k - 2 scrolls of holy word {unknown}
 r - 2 scrolls of blinking {unknown}
 s - a scroll of fear {unknown}
 v - 3 scrolls of enchant weapon {unknown}
 B - 4 scrolls of magic mapping {unknown}
 E - 3 scrolls of summoning {unknown}
 L - 2 scrolls of teleportation
 N - a scroll of fog {unknown}
 Q - a scroll of enchant armour {unknown}
 R - a scroll of silence {unknown}
 T - 2 scrolls of identify
Potions
 b - 2 potions of heal wounds
 e - 2 potions of lignification
 j - 2 potions of degeneration
 w - a potion of mutation
 x - 2 potions of ambrosia
 z - a potion of resistance {unknown}
 C - a potion of haste {unknown}
 D - a potion of attraction {unknown}
 H - 3 potions of curing
 I - a potion of berserk rage


   Skills:
 - Level 2.0 Fighting
 + Level 11.3 Short Blades
 + Level 11.9 Throwing
 - Level 1.7 Dodging
 - Level 0.8 Stealth


You had 10 spell levels left.
You didn't know any spells.
Your spell library contained the following spells:

 Spells                   Type           Power      Damage    Failure   Level
 Animate Skeleton         Necr           0%         N/A       67%         1
 Apportation              Tloc           0%         N/A       67%         1
 Corona                   Hex            0%         N/A       67%         1
 Summon Small Mammal      Summ           0%         N/A       67%         1


Dungeon Overview and Level Annotations

Branches:
Dungeon (10/15)            Temple (1/1) D:6            Lair (0/6) D:8
    Orc: D:9-12

Altars:
Ashenzari
Cheibriados
Dithmenos
Elyvilon
Fedhas
Gozag
Hepliaklqana
Kikubaaqudgha
Makhleb
Nemelex Xobeh
Okawaru
Qazlal
Ru
Sif Muna
Trog
Uskayaw
Vehumet
Wu Jian
Xom
Yredelemnul
Zin
The Shining One

Shops:
D:3 [   D:5 [=:   D:7 !

Annotations:
D:4 2 transporters, ahrsahrtis's ghost, amateur MiBe
D:10 Urug


Innate Abilities, Weirdness & Mutations

You have very sharp fingernails.
You are mostly covered in icy blue scales. (AC +3)
You sometimes gain power by taking damage.
A meltable shield of frost defends you. (SH +4)


Message History

Urug is lightly wounded.
Urug hits you but does no damage.
You feel drained.
You barely miss Urug.
Urug is lightly wounded.
You hit Urug but do no damage.
Urug is lightly wounded.
Urug hits you with a +2 eveningstar of draining.
You feel drained.
You hit Urug but do no damage.
Urug is lightly wounded.
You gain the combat prowess of a mighty hero.
You block Urug's attack.
You hit Urug but do no damage.
Urug is lightly wounded.
Urug hits you with a +2 eveningstar of draining!
You feel drained.
You hit Urug but do no damage.
Urug is lightly wounded.
You hit Urug.
Urug is lightly wounded.
You block Urug's attack.
You hit Urug.
You feel better.
Urug is lightly wounded.
You hit Urug.
You feel better.
Urug is lightly wounded.
Urug hits you with a +2 eveningstar of draining!!
* * * LOW HITPOINT WARNING * * *
You feel drained.
* * * LOW HITPOINT WARNING * * *
You are too injured to fight recklessly!
Urug throws a javelin.
The javelin pierces through you.
* * * LOW HITPOINT WARNING * * *
There is an open door here.
You feel like a meek peon again.
You reach down and open the door.
Urug throws a javelin.
The javelin pierces through you!
* * * LOW HITPOINT WARNING * * *
There is an open door, spattered with blood here.
Urug throws a javelin.
The javelin pierces through you.
You die...

#################
#......#........#
#......#........# ...
#......'.....(((# ...
#....##########(#
..########....#............
..#...........#..............
..+..........o#................
..#....)......'.@........o.....
..#..)##).....#..........$.....
..#...##......#.......<........
..######......#........#
.......#....).#........#
.......#......#........#
.......#......'........+
.......#......#........#
.......########........#


You could see Urug.

Vanquished Creatures
  Harold (D:8)
  2 two-headed ogres (D:8)
  A deep elf pyromancer (D:6)
  A gargoyle (D:6)
  3 hornets
  A wraith (D:9)
  6 yaks (D:8)
  Grum (D:8)
  2 vampire mosquitoes (D:10)
  2 water moccasins (D:7)
  3 ice beasts (D:7)
  4 orc warriors
  3 black bears
  3 wolves (D:8)
  6 centaurs
  2 phantoms
  2 kobold brigands
  3 bullfrogs
  3 gnoll sergeants
  A water moccasin zombie (D:6)
  4 scorpions
  3 howler monkeys (D:7)
  22 wights
  An electric eel (D:8)
  A crimson imp (D:3)
  A bullfrog zombie (D:6)
  2 centaur zombies
  A jelly (D:5)
  3 gnoll shamans
  4 hounds (D:5)
  5 orc priests
  An iguana (D:5)
  2 centaur skeletons (D:7)
  Natasha (thrice) (D:2)
  6 orc wizards
  2 hound skeletons
  27 gnolls
  6 adders
  A shadow imp (D:7)
  3 white imps
  2 adder skeletons (D:4)
  A dart slug (D:1)
  29 orcs
  3 ball pythons
  4 endoplasms
  5 giant cockroaches
  9 goblins
  9 hobgoblins
  A jackal (D:5)
  14 kobolds
  6 quokkas
  4 bats
  4 frilled lizards
  2 hobgoblin zombies (D:3)
  3 kobold skeletons (D:3)
  2 orc zombies (D:3)
  5 rats
251 creatures vanquished.

Vanquished Creatures (others)
  19 fungi (D:8)
  31 plants
50 creatures vanquished.

Grand Total: 301 creatures vanquished

Notes
Turn   | Place    | Note
-------+----------+-------------------------------------------
     0 | D:1      | siradein the Demonspawn Hunter began the quest for the Orb.
     0 | D:1      | Reached XP level 1. HP: 16/16 MP: 1/1
     0 | D:1      | Noticed a tentacled monstrosity
     3 | D:1      | Noticed a tentacled monstrosity
     3 | D:1      | Noticed an ice dragon
     6 | D:1      | Noticed an orb of fire
    11 | D:1      | Noticed an orb of fire
    15 | D:1      | Noticed a shadow dragon
    17 | D:1      | Noticed a tentacled monstrosity
    19 | D:1      | Noticed an iron dragon
   460 | D:1      | Reached skill level 1 in Short Blades
   460 | D:1      | Gained mutation: You are partially covered in icy blue
                  | scales. (AC +2) [demonic ancestry]
   460 | D:1      | Reached XP level 2. HP: 15/22 MP: 2/2
  1136 | D:1      | Reached XP level 3. HP: 19/27 MP: 3/3
  1992 | D:2      | Noticed Natasha
  2004 | D:2      | Killed Natasha
  2005 | D:2      | Gained mutation: You sometimes gain a little power by
                  | taking damage. [demonic ancestry]
  2005 | D:2      | Reached XP level 4. HP: 17/33 MP: 4/4
  2649 | D:2      | Found a faded altar of an unknown god.
  2827 | D:2      | Noticed Natasha
  3143 | D:2      | Killed Natasha
  3314 | D:2      | Noticed Natasha
  3327 | D:2      | Killed Natasha
  3328 | D:2      | Gained mutation: You have sharp fingernails. [demonic
                  | ancestry]
  3328 | D:2      | Reached XP level 5. HP: 27/38 MP: 5/5
  3427 | D:3      | Found Tugg's Armour Shop.
  3528 | D:3      | Found a shimmering blue altar of Sif Muna.
  3707 | D:3      | Reached skill level 5 in Throwing
  3960 | D:3      | Noticed a centaur
  3978 | D:3      | Killed a centaur
  4018 | D:3      | Gained mutation: You have very sharp fingernails. [demonic
                  | ancestry]
  4018 | D:3      | Reached XP level 6. HP: 24/44 MP: 6/6
  5341 | D:4      | Found a transporter.
  5342 | D:4      | Noticed ahrsahrtis's ghost (amateur MiBe)
  5345 | D:4      | Noticed an ice beast
  5351 | D:4      | Found a transporter.
  5853 | D:4      | Found a broken altar of Ashenzari.
  6179 | D:4      | Reached XP level 7. HP: 19/50 MP: 7/7
  6485 | D:5      | Entered Level 5 of the Dungeon
  6642 | D:5      | Reached skill level 5 in Short Blades
  7051 | D:5      | Found Poach's Jewellery Boutique.
  7268 | D:5      | Found Oweal's Book Emporium.
  7355 | D:5      | Gained mutation: A meltable shield of frost defends you.
                  | (SH +4) [demonic ancestry]
  7355 | D:5      | Reached XP level 8. HP: 39/56 MP: 8/8
  8405 | D:5      | Found Nopunec's Armour Shop.
  8787 | D:5      | HP: 1/56 [scorpion (8)]
  9517 | D:6      | Found a staircase to the Ecumenical Temple.
  9542 | Temple   | Entered the Ecumenical Temple
  9669 | Temple   | Became a worshipper of Warmaster Okawaru
  9721 | D:6      | Noticed a gargoyle
  9732 | D:6      | Killed a gargoyle
  9776 | D:6      | Reached * piety under Okawaru
  9939 | D:6      | Noticed a deep elf pyromancer
  9955 | D:6      | Killed a deep elf pyromancer
  9955 | D:6      | Reached ** piety under Okawaru
  9956 | D:6      | Gained mutation: You sometimes gain power by taking damage.
                  | [demonic ancestry]
  9956 | D:6      | Reached XP level 9. HP: 30/61 MP: 9/9
 10479 | D:6      | Identified the +6 ring mail "Fohiha" {+Blink}
 10681 | D:7      | Found Woezxeab's Distillery.
 10826 | D:7      | Found a hide-covered altar of Uskayaw.
 12723 | D:8      | Reached *** piety under Okawaru
 12735 | D:8      | Reached skill level 10 in Throwing
 12765 | D:8      | Reached XP level 10. HP: 40/67 MP: 8/10
 12933 | D:8      | Found a staircase to the Lair.
 13461 | D:8      | Noticed Grum
 13480 | D:8      | Killed Grum
 13683 | D:8      | Noticed a two-headed ogre
 13711 | D:8      | Killed a two-headed ogre
 13711 | D:8      | Received a gift from Okawaru
 13712 | D:8      | Reached skill level 10 in Short Blades
 14131 | D:8      | Noticed a two-headed ogre
 14174 | D:8      | Killed a two-headed ogre
 14439 | D:7      | Reached **** piety under Okawaru
 14640 | D:8      | Noticed Harold
 14682 | D:8      | Killed Harold
 14682 | D:8      | Received a gift from Okawaru
 15729 | D:8      | Gained mutation: You are mostly covered in icy blue scales.
                  | (AC +3) [demonic ancestry]
 15729 | D:8      | Reached XP level 11. HP: 45/72 MP: 11/11
 16048 | D:9      | Found a bloodstained altar of Trog.
 16225 | D:9      | Found a hazy altar of Hepliaklqana.
 16226 | D:9      | Found a stormy altar of Qazlal.
 16313 | D:9      | Paralysed by a hornet for 1 turns
 17080 | D:9      | Found a blossoming altar of Fedhas.
 17471 | D:10     | Entered Level 10 of the Dungeon
 17778 | D:10     | Reached ***** piety under Okawaru
 17826 | D:10     | Noticed Urug
 17858 | D:10     | HP: 2/64 [Urug/javelin (12)]
 17860 | D:10     | Hit by a javelin thrown by Urug

Illustrated notes

Levels and vault maps discovered:
D:1:      shiori_arrival_whats_in_store_for_you, layout_basic, serial_forest,
          infiniplex_forest_clump_cross, infiniplex_forest_corner_1,
          infiniplex_forest_corner_2, infiniplex_forest_end_2,
          infiniplex_forest_clump_small, infiniplex_forest_clump_large,
          minivault_19
D:2:      layout_loops_ring, chequers_ecumenical_altar_grove,
          hangedman_feature_mirror, uniq_natasha
D:3:      layout_basic, nicolae_tso_besieged_by_evil, amcnicky_altar_gilded,
          serial_shops, shop
D:4:      layout_loops_cross, kennysheep_mini, gammafunk_ghost_arena,
          kennysheep_nondescript, lexackson_kobold_supper
D:5:      layout_cave_pods, serial_shops, shop_coins, serial_gnoll_camp,
          gnoll_camp_mini_shop, gnoll_camp_huts_basic, gnoll_camp_mini_hut,
          gnoll_camp_mini_shop, chequers_big_river,
          minmay_fractal_squares_gapless_5
D:6:      layout_basic, minmay_temple_entry_mist, guppyfry_early_elven_hall
D:7:      layout_basic, lemuel_crystal_altar, serial_shops, shop
D:8:      layout_loops_corners, nicolae_overflow_hidden_temple,
          grunt_lair_entry_orc_guard_hut, kennysheep_generic_room_4,
          uniq_harold, uniq_grum
D:9:      layout_stronghold, lightli_temple_of_fire, kennysheep_little_box,
          grunt_temple_overflow_open
D:10:     layout_gridville, uniq_urug
Temple:   dshaligram_water_room_temple

Skill      XL: |  1  2  3  4  5  6  7  8  9 10 11 |
---------------+----------------------------------+-----
Short Blades   | 1 2 3 4 5 7 9 10 11 | 11.3
Throwing       | 4 5 6 7 8 10 11 | 11.9
Fighting       | |  2.0
Dodging        | |  1.7
Stealth        | |  0.8

Action                   |  1- 3 |  4- 6 |  7- 9 | 10-12 || total
-------------------------+-------+-------+-------+-------++-------
Melee: Short sword       |    98 |       |    77 |   709 ||   884
       Dagger            |    15 |   136 |   508 |    40 ||   699
 Fire: Hunting sling     |       |   201 |   209 |       ||   410
       Fustibalus        |       |       |    15 |   115 ||   130
Throw: Javelin           |     3 |     2 |       |       ||     5
       Stone             |    11 |    17 |       |       ||    28
Invok: Heroism           |       |       |     3 |    10 ||    13
Evoke: Wand              |       |       |     9 |       ||     9
  Use: Scroll            |       |     5 |     2 |     2 ||     9
       Potion            |       |       |     2 |       ||     2
 Stab: Sleeping          |     2 |     2 |       |       ||     4
Armor: Leather armour    |    47 |    65 |    12 |       ||   124
       Scale mail        |       |       |    65 |       ||    65
       Ring mail         |       |       |    74 |   158 ||   232
Dodge: Dodged            |    46 |   102 |   144 |   167 ||   459
Block: Buckler           |     1 |    34 |   215 |   304 ||   554
       Reflection        |       |       |     3 |     4 ||     7

Table legend: (Time is in decaauts)
 A = Elapsed time spent in this place.
 B = Non-inter-level travel time spent in this place.
 C = Inter-level travel time spent in this place.
 D = Time resting spent in this place.
 E = Time spent auto-exploring this place.
 F = Levels seen in this place.
 G = Mean time per level.
                   A        B        C        D        E       F      G
               +--------+--------+--------+--------+--------+-----+--------+
         Total |  17418 |  16823 |    595 |   1382 |  11992 |  11 | 1583.5 |
       Dungeon |  17269 |  16715 |    554 |   1382 |  11909 |  10 | 1726.9 |
        Temple |    149 |    108 |     41 |      0 |     83 |   1 |  149.0 |
               +--------+--------+--------+--------+--------+-----+--------+

Top non-repeatable levels by time:
     D:8: 2915 daAuts
     D:5: 2438 daAuts
     D:1: 1979 daAuts
     D:4: 1971 daAuts
     D:7: 1692 daAuts
     D:9: 1690 daAuts
     D:2: 1574 daAuts
     D:3: 1390 daAuts
     D:6: 1256 daAuts
    D:10: 359 daAuts
  Temple: 149 daAuts
